Map: Emerald City LE

Players

Massa

  • Race: Terran Terran
  • League: Gold
  • Spawn Location: 5:00

qqq

  • Race: Zerg Zerg
  • League: Platinum
  • Spawn Location: 5:00

Oeli - Winner!

  • Race: Zerg Zerg
  • League: Platinum
  • Spawn Location: 11:00

renzdeluxe - Winner!

  • Race: Terran Terran
  • Spawn Location: 11:00

VOD

Have the link to the VOD?

Description

Time

  • Played on: May 31, 2020, 3:15 p.m.
  • Length: 14:22
Show
View Real Time Build Order
Export as new Build Order

Massa Terran 

Build Orders:  

Get SALT Encoding   

  12  0:13  SCV  
  13  0:17  Supply Depot  
  13  0:25  SCV  
  14  0:37  SCV  
  14  0:41  Barracks  
  15  0:49  SCV  
  16  1:01  SCV  
  17  1:13  SCV  
  18  1:25  SCV  
  19  1:38  SCV  
  20  1:46  Marine  
  21  1:54  SCV  
  21  1:59  Refinery  
  22  2:01  Refinery  
  22  2:04  Marine  
  22  2:05  Engineering Bay  
  22  2:07  Orbital Command  
  23  2:24  Command Center  
  23  2:29  Supply Depot  
  23  2:31  Supply Depot  
  23  2:51  Marine  
  24  2:53  SCV  
  25  2:59  Supply Depot  
  25  3:05  SCV  
  26  3:08  Marine  
  27  3:13  Barracks  
  26  3:21  SCV  
  26  3:26  Marine  
  28  3:33  SCV  
  29  3:35  Missile Turret  
  29  3:46  SCV  
  29  3:47  SCV  
  31  3:49  Marine, Missile Turret  
  32  3:57  Missile Turret  
  32  3:58  SCV  
  32  3:59  SCV, Factory  
  34  4:07  Marine  
  34  4:08  Terran Infantry Weapons Level 1  
  35  4:10  SCV  
  35  4:12  SCV  
  37  4:20  Missile Turret  
  37  4:22  SCV  
  37  4:24  SCV  
  39  4:30  Marine  
  39  4:31  Marine  
  42  4:39  SCV  
  42  4:42  Orbital Command  
  42  4:46  Missile Turret  
  42  4:48  Marine x2  
  42  4:50  Factory Tech Lab, Supply Depot  
  42  4:51  SCV  
  45  4:56  Missile Turret  
  45  5:03  SCV  
  45  5:06  Marine  
  48  5:10  Barracks  
  48  5:14  Supply Depot  
  48  5:18  Barracks Tech Lab  
  47  5:23  Barracks  
  47  5:29  Siege Tank  
  50  5:42  Armory  
  50  5:51  Sensor Tower  
  50  5:57  Barracks Reactor  
  50  5:59  Marauder  
  50  6:01  Siege Tank  
  50  6:02  Terran Infantry Armor Level 1  
  55  6:05  SCV  
  55  6:09  Refinery  
  56  6:15  Barracks Reactor  
  56  6:17  SCV, Marine  
  58  6:20  Marauder  
  60  6:30  SCV  
  60  6:32  Missile Turret  
  61  6:35  Marine, Command Center  
  62  6:42  Marauder  
  62  6:45  Starport  
  64  6:48  Starport  
  64  6:53  Marine, Missile Turret  
  65  6:57  Refinery, SCV  
  65  6:58  SCV  
  67  7:02  Marine  
  67  7:06  Marine x2  
  70  7:10  SCV  
  70  7:11  SCV, Marine  
  72  7:20  Marine  
  73  7:24  Marine x2  
  73  7:25  Siege Tank  
  78  7:33  Supply Depot  
  78  7:41  Liberator x2, Marine  
  78  7:42  Marine  
  86  7:49  Supply Depot  
  86  7:54  Marine  
  86  7:57  Supply Depot  
  86  7:58  SCV x2  
  89  7:59  Marine  
  89  8:04  Planetary Fortress  
  90  8:10  SCV x2  
  90  8:12  Marine  
  93  8:15  Combat Shield  
  93  8:19  Supply Depot  
  93  8:22  SCV x2  
  95  8:27  Marauder, Marine x2  
  95  8:28  Marine x2  
  95  8:30  Marine  
  102  8:34  SCV x2  
  104  8:41  Supply Depot  
  104  8:45  Marine x3  
  104  8:46  SCV x2, Marine  
  104  8:48  Marine  
  111  8:49  Marauder  
  112  9:03  Marine x4, Supply Depot  
  116  9:19  Missile Turret  
  116  9:25  Missile Turret  
  116  9:26  Supply Depot  
  116  9:29  Terran Vehicle Weapons Level 1  
  116  9:34  Engineering Bay, Stimpack  
  116  9:35  Terran Infantry Armor Level 2  
  116  9:38  Missile Turret  
  116  9:56  Command Center  
  116  9:58  Missile Turret  
  116  10:01  Armory  
  116  10:02  Command Center  
  116  10:22  Missile Turret  
  110  10:43  Missile Turret  
  110  10:59  Missile Turret  
  73  11:19  Missile Turret  
  73  11:24  Marauder, Marine x5  
  74  11:26  Thor  
  80  11:38  Missile Turret  
  80  11:39  Factory x2  
  80  11:42  Marine x5  
  80  11:45  Marauder  
  87  11:47  Barracks  
  87  11:49  Medivac x2  
  87  11:51  Terran Infantry Weapons Level 2  
  91  11:59  Marine, Missile Turret  
  91  12:00  Marine x4  
  96  12:04  Missile Turret  
  96  12:06  Marauder  
  98  12:09  Thor  
  98  12:10  Missile Turret  
  98  12:12  SCV x3  
  107  12:17  Marine  
  107  12:18  Marine x4  
  107  12:19  Medivac x2  
  116  12:24  SCV x3, Missile Turret  
  116  12:27  Factory Tech Lab  
  116  12:28  Marauder  
  121  12:31  Missile Turret  
  121  12:36  SCV, Marine  
  119  12:41  Factory Tech Lab  
  118  12:49  Marauder  
  118  12:52  Missile Turret  
  116  13:04  Command Center  
  116  13:05  Missile Turret x2  
  116  13:10  Missile Turret  
  116  13:21  Marauder, Marine  
  116  13:24  Marine x3  
  116  13:25  Marine  
  116  13:26  Missile Turret  
  123  13:27  Thor, Missile Turret  
  123  13:30  Missile Turret  
  110  13:39  Marine  
  111  13:42  Marauder, Marine x4  
  111  13:46  Missile Turret  
  115  13:50  Missile Turret  
  86  14:10  Barracks Reactor x2  
  86  14:11  Missile Turret  
Show
View Real Time Build Order
Export as new Build Order

qqq Zerg 

Build Orders: Hatch First 

Get SALT Encoding   

  12  0:07  Drone  
  12  0:08  Drone  
  14  0:35  Hatchery  
  13  0:53  Spawning Pool  
  12  1:00  Overlord  
  12  1:02  Drone  
  13  1:07  Drone  
  14  1:22  Drone x2  
  16  1:36  Drone  
  17  1:45  Roach Warren  
  16  1:47  Extractor  
  16  1:50  Drone  
  16  1:52  Drone  
  17  1:57  Queen  
  17  2:00  Drone  
  21  2:01  Drone  
  21  2:14  Queen  
  23  2:16  Drone  
  23  2:19  Overlord  
  24  2:32  Drone  
  24  2:33  Extractor, Overlord  
  24  2:36  Roach  
  26  2:42  Roach  
  28  2:50  Drone  
  29  2:52  Overlord  
  29  3:02  Roach x2  
  29  3:05  Drone  
  34  3:10  Roach  
  36  3:22  Roach x2  
  41  3:27  Drone x2  
  41  3:33  Roach  
  44  3:39  Roach  
  46  3:41  Roach  
  46  3:46  Roach  
  50  3:51  Roach  
  52  3:58  Overlord  
  52  4:09  Lair  
  52  4:13  Overlord  
  46  4:28  Drone x5  
  50  4:39  Drone x3  
  50  4:43  Drone  
  54  4:56  Drone, Queen  
  54  4:59  Ravager x2  
  61  5:00  Ravager x2  
  61  5:04  Roach  
  63  5:07  Roach  
  63  5:11  Drone x2  
  67  5:18  Overlord  
  67  5:23  Glial Reconstitution  
  67  5:35  Spine Crawler  
  66  5:40  Spine Crawler  
  66  5:42  Drone x3  
  68  5:44  Spine Crawler  
  68  5:45  Roach  
  69  5:51  Overlord  
  69  5:56  Roach  
  71  5:57  Roach  
  71  6:01  Roach  
  75  6:05  Overlord  
  75  6:08  Drone  
  76  6:16  Roach  
  76  6:17  Roach x2  
  82  6:23  Drone  
  82  6:24  Hydralisk Den  
  82  6:27  Roach  
  82  6:30  Spore Crawler  
  82  6:32  Drone  
  84  6:36  Spore Crawler  
  83  6:44  Drone  
  83  6:45  Drone x4  
  88  6:48  Extractor  
  88  6:52  Extractor  
  86  7:01  Roach  
  86  7:02  Spire  
  86  7:05  Drone x2  
  89  7:20  Roach  
  91  7:22  Overlord  
  91  7:23  Overlord  
  91  7:24  Drone, Overlord  
  92  7:45  Hydralisk x2  
  92  7:47  Drone x3  
  98  8:04  Hydralisk x2  
  103  8:05  Drone x2  
  103  8:06  Drone x2  
  106  8:15  Mutalisk x2  
  106  8:17  Hatchery  
  109  8:32  Mutalisk x2  
  113  8:45  Hydralisk x3  
  113  8:47  Hatchery  
  112  8:57  Spore Crawler  
  112  8:59  Spore Crawler  
  112  9:00  Spore Crawler  
  109  9:04  Spore Crawler  
  109  9:05  Spore Crawler  
  109  9:07  Hydralisk  
  109  9:08  Hydralisk x2  
  113  9:12  Grooved Spines  
  62  9:39  Mutalisk x2  
  62  9:40  Mutalisk  
  57  9:46  Drone x2  
  57  9:49  Mutalisk  
  62  9:52  Drone  
  62  10:02  Spore Crawler  
  62  10:03  Mutalisk x2  
  62  10:04  Spore Crawler  
  64  10:08  Drone x2  
  66  10:20  Zerg Flyer Weapons Level 1  
  66  10:23  Corruptor  
  68  10:37  Spore Crawler  
  68  10:38  Drone x2  
  68  10:39  Drone x4  
  68  10:42  Spore Crawler  
  68  10:53  Spore Crawler  
  68  10:54  Spore Crawler  
  68  10:55  Spore Crawler  
  65  11:00  Drone  
  65  11:01  Drone x3, Mutalisk  
  65  11:02  Corruptor x2  
  75  11:17  Corruptor  
  77  11:29  Infestation Pit  
  77  11:31  Drone x2  
  77  11:32  Drone x2  
  80  11:36  Mutalisk x2  
  84  11:43  Hydralisk, Muscular Augments  
  84  11:46  Hatchery  
  85  11:56  Spore Crawler  
  85  11:59  Drone, Spore Crawler  
  85  12:00  Drone x5  
  89  12:02  Overlord  
  89  12:06  Queen  
  89  12:35  Corruptor x5  
  89  12:36  Corruptor  
  101  12:47  Drone x5  
  101  12:48  Drone  
  105  13:12  Mutalisk x2, Corruptor x2  
  103  13:33  Mutalisk x2  
  93  13:35  Drone x2  
  93  13:36  Drone x4  
  93  13:42  Mutalisk  
  93  13:49  Mutalisk  
Show
View Real Time Build Order
Export as new Build Order

Oeli Zerg - Winner!

Build Orders: Hatch First 

Get SALT Encoding   

  12  0:02  Drone  
  13  0:10  Drone  
  14  0:22  Overlord  
  14  0:25  Extractor  
  14  0:26  Drone  
  15  0:41  Drone x2  
  17  0:57  Drone x2  
  19  1:05  Hatchery  
  18  1:16  Drone  
  19  1:20  Extractor  
  19  1:24  Spawning Pool  
  17  1:54  Drone x3  
  20  2:23  Zergling x6  
  23  2:37  Metabolic Boost  
  22  2:44  Queen  
  22  2:45  Queen  
  22  2:47  Zergling x4  
  22  2:50  Overlord x3  
  28  2:58  Drone, Evolution Chamber  
  28  3:26  Zerg Melee Weapons Level 1  
  28  3:33  Zergling x6  
  28  3:34  Zergling x6  
  34  3:58  Drone x3  
  34  3:59  Drone x3  
  40  4:04  Lair  
  40  4:06  Drone x4  
  41  4:42  Spine Crawler  
  40  4:48  Spine Crawler  
  40  4:49  Zergling x2  
  40  4:50  Zergling x14  
  47  5:02  Overlord x2  
  47  5:13  Drone x2  
  49  5:18  Overlord  
  49  5:49  Extractor  
  49  5:50  Drone x10  
  58  5:57  Spore Crawler  
  58  6:01  Spore Crawler  
  58  6:03  Zerg Ground Armor Level 1  
  56  6:07  Spire  
  55  6:26  Extractor  
  55  6:27  Extractor, Spore Crawler  
  55  6:28  Hatchery, Drone  
  55  6:29  Drone x2  
  55  6:31  Drone x3  
  57  7:00  Drone x4  
  57  7:01  Drone x2  
  63  7:06  Drone x2  
  63  7:07  Drone x4  
  69  7:12  Queen  
  71  7:22  Mutalisk x2  
  75  7:30  Zerg Flyer Weapons Level 1  
  75  7:31  Overlord x4  
  75  7:49  Queen  
  76  7:59  Mutalisk x3  
  76  8:00  Mutalisk x4  
  90  8:19  Extractor  
  89  8:21  Drone x4, Extractor  
  89  8:22  Drone x5  
  97  8:34  Drone x3  
  94  9:09  Drone x3  
  95  9:10  Drone x2  
  95  9:11  Drone  
  98  9:20  Zerg Melee Weapons Level 2  
  98  9:21  Baneling Nest  
  89  9:48  Mutalisk x8  
  105  10:07  Centrifical Hooks  
  105  10:08  Hatchery  
  105  10:11  Zerg Flyer Armor Level 1  
  105  10:14  Hatchery  
  103  10:17  Infestation Pit  
  102  10:39  Zergling x8  
  102  10:41  Overlord x5  
  102  11:09  Zergling x26  
  102  11:10  Zergling x4  
  117  11:16  Baneling x4  
  117  11:17  Baneling x10  
  117  11:29  Queen  
  119  11:41  Mutalisk  
  119  11:42  Mutalisk x8  
  137  11:53  Zerg Ground Armor Level 2  
  137  11:55  Hive  
  137  12:01  Zergling x2  
  137  12:02  Zergling x14  
  137  12:05  Zerg Flyer Weapons Level 2  
  133  13:10  Mutalisk  
  133  13:11  Zergling x4  
  133  13:12  Zergling x52  
  155  13:13  Zergling x4  
  111  13:41  Zergling x24  
  84  14:05  Zergling x14  
Show
View Real Time Build Order
Export as new Build Order

renzdeluxe Terran - Winner!

Build Orders: 2 Factory, Mech 

Get SALT Encoding   

  12  0:01  SCV  
  13  0:13  SCV  
  14  0:17  Supply Depot  
  14  0:25  SCV  
  15  0:31  Refinery  
  15  0:39  SCV  
  16  0:45  Barracks  
  16  0:51  SCV  
  17  1:03  SCV  
  18  1:15  SCV  
  19  1:27  SCV  
  20  1:43  Factory  
  20  1:45  Orbital Command  
  20  1:57  Barracks Reactor  
  20  2:02  Command Center  
  20  2:07  Supply Depot  
  20  2:20  SCV  
  21  2:40  Hellion x2  
  25  2:46  Factory  
  25  2:48  Barracks Tech Lab  
  25  2:50  Refinery  
  25  2:52  SCV  
  25  2:53  Supply Depot  
  26  3:01  Hellion  
  26  3:04  SCV  
  26  3:05  Hellion  
  31  3:16  SCV  
  32  3:24  Hellion  
  34  3:28  SCV  
  34  3:29  Engineering Bay  
  34  3:34  Factory  
  35  3:37  Infernal Pre-Igniter  
  35  3:47  SCV  
  36  3:51  Orbital Command  
  36  3:59  Missile Turret  
  36  4:10  Missile Turret  
  36  4:17  Siege Tank  
  36  4:18  Factory Tech Lab  
  35  4:42  SCV x2  
  37  4:47  Refinery, Siege Tank  
  37  4:50  Siege Tank  
  37  4:52  Supply Depot  
  43  4:54  SCV x2  
  45  5:06  SCV  
  46  5:07  Supply Depot  
  46  5:11  Hellion  
  48  5:19  Siege Tank  
  48  5:20  SCV  
  52  5:26  Refinery, Hellion  
  54  5:42  Siege Tank  
  57  5:43  SCV  
  58  5:52  SCV  
  58  5:56  Hellion  
  61  5:58  Command Center  
  61  6:02  SCV  
  62  6:05  SCV  
  62  6:07  Command Center, Supply Depot  
  63  6:14  SCV  
  63  6:17  SCV  
  65  6:20  Widow Mine  
  65  6:21  Hellion  
  69  6:26  SCV, Missile Turret  
  69  6:29  SCV  
  69  6:32  Missile Turret  
  71  6:38  SCV  
  71  6:39  Armory  
  72  6:42  SCV  
  72  6:43  Armory  
  73  6:50  SCV  
  73  6:51  Widow Mine  
  76  6:56  Supply Depot  
  76  7:01  Widow Mine  
  78  7:04  SCV x2  
  80  7:12  Siege Tank  
  80  7:13  Hellion  
  85  7:22  Siege Tank  
  88  7:23  SCV  
  88  7:27  Orbital Command, SCV  
  90  7:31  Terran Vehicle Weapons Level 1  
  90  7:33  Terran Vehicle And Ship Armor Level 1  
  90  7:36  Hi-Sec Auto Tracking  
  90  7:38  SCV  
  90  7:39  SCV  
  92  7:45  Orbital Command  
  92  7:48  Refinery  
  92  7:50  SCV  
  93  7:56  Hellion, Siege Tank  
  93  7:57  SCV x2  
  100  8:05  Refinery  
  100  8:06  SCV  
  100  8:09  SCV x2  
  100  8:11  SCV  
  104  8:14  Widow Mine, Siege Tank  
  104  8:19  Hellion  
  111  8:21  SCV  
  111  8:25  Supply Depot  
  112  8:27  Supply Depot  
  112  8:28  Siege Tank  
  112  8:33  SCV  
  112  8:34  SCV  
  117  8:36  Widow Mine  
  117  8:38  SCV x2  
  117  8:41  Widow Mine  
  123  8:44  Refinery  
  123  8:45  SCV  
  123  8:46  Siege Tank  
  125  8:51  Supply Depot  
  125  8:53  Neosteel Armor  
  125  8:54  Supply Depot  
  125  8:57  Widow Mine  
  125  9:00  Hellion  
  129  9:16  Supply Depot  
  129  9:19  Siege Tank  
  129  9:21  Siege Tank  
  129  9:23  Widow Mine  
  117  9:51  Siege Tank  
  120  9:53  Refinery  
  120  9:54  SCV  
  124  10:03  Missile Turret  
  124  10:04  Missile Turret  
  124  10:06  SCV, Missile Turret  
  126  10:07  SCV x2  
  126  10:08  Missile Turret  
  126  10:09  Hellion  
  126  10:11  Terran Vehicle Weapons Level 2, Missile Turret  
  126  10:13  Terran Vehicle And Ship Armor Level 2  
  129  10:15  Hellion  
  129  10:18  SCV  
  129  10:21  Siege Tank  
  132  10:23  Siege Tank  
  125  10:29  Factory x2  
  125  10:31  Widow Mine  
  122  10:49  Missile Turret  
  122  10:50  Missile Turret  
  122  10:52  Thor  
  122  10:53  SCV  
  122  10:55  Siege Tank  
  132  11:02  Hellion  
  134  11:05  SCV  
  134  11:10  Missile Turret  
  124  11:16  Factory Tech Lab  
  124  11:18  SCV  
  123  11:27  Siege Tank  
  123  11:30  Hellion  
  128  11:35  Thor  
  128  11:38  Supply Depot  
  134  11:40  Thor, Supply Depot  
  134  11:41  Hellion  
  142  11:51  Widow Mine  
  144  11:56  Factory  
  144  11:59  Siege Tank  
  144  12:00  Factory Tech Lab  
  144  12:01  SCV x4  
  150  12:03  Hellion  
  153  12:12  Widow Mine  
  153  12:13  SCV x3  
  158  12:17  Supply Depot  
  158  12:18  Siege Tank  
  158  12:20  Supply Depot  
  161  12:23  Thor  
  161  12:24  Hellion  
  169  12:30  Missile Turret  
  169  12:31  Siege Tank  
  169  12:34  Hellion  
  174  12:38  Siege Tank  
  177  12:46  Hellion  
  177  12:49  Missile Turret  
  177  12:50  Siege Tank  
  177  12:51  Widow Mine, Missile Turret  
  184  12:55  Hellion  
  186  13:00  Missile Turret x2  
  186  13:01  Missile Turret  
  186  13:03  Thor  
  192  13:10  Cyclone  
  195  13:21  Factory Tech Lab  
  195  13:24  Sensor Tower  
Tags
 
Add a new tag
Caveats
  • Supply blocks, unpowered buildings, or Contaminate may cause inaccurate times.
  • Supply counts are checked every 10 seconds.